 Seeded DCSS version 0.30-a0-1066-g63dfefce0d (webtiles) character file.

Game seed: 13020561292390072626 (custom seed)

730 Pimp the Ducker (level 7, -4/54 HPs)
             Began as a Merfolk Gladiator on Apr 12, 2023.
             Killed by divine providence
             ... invoked by an orc priest
              (13 damage)
             ... on level 5 of the Dungeon.
             The game lasted 00:05:22 (3468 turns).

Pimp the Ducker (Merfolk Gladiator)                 Turns: 3468, Time: 00:05:22

Health: -4/54      AC: 24    Str: 16    XL:     7   Next: 73%
Magic:  7/7        EV:  6    Int:  7    God:
Gold:   162        SH:  0    Dex: 16    Spells: 6/6 levels left

rFire   . . .      SeeInvis +    a - +0 trident (vamp)
rCold   . . .      Faith    .    (no shield)
rNeg    . . .      Spirit   .    f - +10 plate armour "Xosmah" {Slay+5 SInv}
rPois   .          Reflect  .    u - +2 helmet
rElec   .          Rampage  .    (no cloak)
rCorr   .                        (no gloves)
Will    .....                    (no boots) Stlth
                                 (no amulet)
HPRegen 0.29/turn                j - ring of wizardry
MPRegen 0.10/turn                (no ring)

@: lethally poisoned (-4 -> -18)
A: (nimble swimmer 2), mertail
a: no special abilities


You were on level 5 of the Dungeon.
You visited 1 branch of the dungeon, and saw 5 of its levels.

You collected 162 gold pieces.

Inventory:

Hand Weapons
 a - a +0 vampiric trident (weapon)
Missiles
 d - 4 throwing nets (quivered)
 e - a javelin
Armour
 b - a +0 leather armour
 c - a +1 helmet
 f - the +10 plate armour "Xosmah" (worn) {Slay+5 SInv}
   (You acquired it on level 1 of the Dungeon)

   Slay:      It affects your accuracy & damage with ranged weapons and melee
   (+5).
   SInv:      It lets you see invisible.
 u - a +2 helmet (worn)
Jewellery
 j - a ring of wizardry (left hand)
 q - a ring of see invisible
 v - a +6 ring of intelligence
Wands
 s - a wand of mindburst (8)
 w - a wand of polymorph (6)
Scrolls
 g - a scroll of blinking
 i - a scroll of teleportation
 t - 2 scrolls of identify {unknown}
 x - a scroll of fog {unknown}
 y - a scroll of silence
Potions
 h - a potion of might
 l - a potion of cancellation
 m - 2 potions of magic {unknown}
 n - a potion of berserk rage {unknown}
 o - 2 potions of heal wounds
 p - a potion of mutation {unknown}
 r - 2 potions of brilliance {unknown}


   Skills:
 + Level 4.1 Fighting
 + Level 6.0 Polearms
 + Level 3.8 Throwing
 * Level 3.3 Armour
 + Level 6.0 Dodging


You had 6 spell levels left.
You didn't know any spells.
Your spell library was empty.

Dungeon Overview and Level Annotations

Branches:
Dungeon (5/15)
 Temple: D:4-7

Altars:
Ashenzari
Qazlal
Wu Jian
Xom

Annotations:
D:3 2 transporters


Innate Abilities, Weirdness & Mutations

((You are very nimble when in or above water. (Stealth+, EV+, Speed+++)))
Your lower body shifts to a powerful aquatic tail in water.


Message History

The orc priest mumbles some strange prayers to Beogh against you.
Pain shoots through your body!
* * * LOW HITPOINT WARNING * * *
The scorpion stings you but does no damage.
You bump into the rock wall.
* * * LOW HITPOINT WARNING * * *
You feel very sick. The orc wizard casts a spell at you.
The magic dart hits you but does no damage.
The orc wizard gestures at you while chanting.
You resist with some effort.
The orc priest invokes the aid of Beogh against you.
Beogh smites you!
* * * LOW HITPOINT WARNING * * *
The scorpion barely misses you.
Unknown command.
You are too confused!
Your magical effects are unravelling.
You feel magically purged.
You feel less confused.
* * * LOW HITPOINT WARNING * * *
You feel sick.
The scorpion stings you but does no damage.
The orc wizard hits you but does no damage.
You are more poisoned.
The orc wizard gestures at you while chanting.
You resist with some effort.
The orc priest hits you but does no damage.
It was a potion of heal wounds.
You feel much better.
* * * LOW HITPOINT WARNING * * *
You feel very sick.
The scorpion stings you but does no damage.
The orc wizard gestures at you while chanting.
The magic dart hits you.
* * * LOW HITPOINT WARNING * * *
The orc wizard casts a spell at you.
The magic dart hits you but does no damage.
The orc priest mumbles some strange prayers to Beogh against you.
Beogh smites you!
You die...

# #. #.. ... ..
#.#.#.##########
.....ss@...#... ..
......ooo..#.####..#
......##..........## ###
.............[...... ..#
........####$#########.#
....>................#.#
##########........##...#
#........###..#
#........# #...


You could see 2 scorpions, an orc priest and 2 orc wizards.

Vanquished Creatures
  An ogre (D:4)
  2 phantoms
  3 wights (D:5)
  A hound (D:5)
  An orc priest (D:3)
  Natasha (thrice) (D:2)
  4 iguanas (D:4)
  3 adders
  A worm (D:2)
  3 dart slugs
  10 orcs
  7 endoplasms
  3 giant cockroaches
  5 goblins
  5 hobgoblins
  3 jackals (D:2)
  5 kobolds
  2 quokkas
  6 ball pythons
  2 bats
  A frilled lizard (D:1)
  3 rats
74 creatures vanquished.

Notes
Turn   | Place    | Note
-------+----------+-------------------------------------------
     0 | D:1      | Pimp the Merfolk Gladiator began the quest for the Orb.
     0 | D:1      | Reached XP level 1. HP: 16/16 MP: 1/1
    41 | D:1      | Identified a scroll of acquirement
    41 | D:1      | Acquired the +10 plate armour "Xosmah" {Slay+5 SInv}
   377 | D:1      | Reached XP level 2. HP: 12/23 MP: 2/2
   956 | D:2      | Noticed Natasha
   965 | D:2      | Killed Natasha
   966 | D:2      | Reached skill level 1 in Armour
   966 | D:2      | Reached XP level 3. HP: 21/28 MP: 3/3
  1140 | D:2      | Noticed Natasha
  1153 | D:2      | Killed Natasha
  1154 | D:2      | Reached XP level 4. HP: 29/34 MP: 4/4
  1261 | D:2      | Noticed Natasha
  1266 | D:2      | Killed Natasha
  1529 | D:2      | You fall into a shaft and drop 2 floors!
  1530 | D:4      | Noticed a phantom
  1542 | D:4      | Killed a phantom
  1543 | D:4      | Reached XP level 5. HP: 36/41 MP: 5/5
  1596 | D:4      | Found an ornate altar of the Wu Jian Council.
  1618 | D:4      | Reached skill level 5 in Polearms
  1820 | D:4      | Reached skill level 5 in Dodging
  1828 | D:4      | Reached XP level 6. HP: 47/47 MP: 6/6
  1849 | D:3      | Found a shimmering altar of Xom.
  1885 | D:3      | Found a transporter.
  1906 | D:3      | Found a stormy altar of Qazlal.
  2049 | D:3      | Found a transporter.
  2179 | D:3      | Found a broken altar of Ashenzari.
  2688 | D:4      | Reached XP level 7. HP: 53/53 MP: 7/7
  3102 | D:5      | Entered Level 5 of the Dungeon
  3467 | D:5      | HP: 1/54 [poisoned by an orc wizard]
  3468 | D:5      | Killed from afar by an orc priest

Illustrated notes

Levels and vault maps discovered:
D:1:      lightli_arrival_lavapool, layout_basic
D:2:      layout_loops_ring, uniq_natasha
D:3:      gammafunk_steamed_eel, layout_loops_cross,
          ashenzari_conservatory_becter, mainiacjoe_overflow_brackets,
          xom_teletrap_fun, serial_bayou_crossing
D:4:      layout_basic, nicolae_wu_jian_wuxing_cycle
D:5:      layout_basic, uniq_prince_ribbit1

Skill      XL: |  1  2  3  4  5  6  7 |
---------------+----------------------+-----
Armour         | 1 2 3 |  3.3
Fighting       | 3 4 |  4.1
Polearms       | 5 6 |  6.0
Dodging        | 5 6 |  6.0
Throwing       | 3 |  3.8

Action                     |  1- 3 |  4- 6 |  7- 9 || total
---------------------------+-------+-------+-------++-------
  Melee: Trident           |    58 |   120 |    61 ||   239
         Punch             |     1 |     1 |       ||     2
    Use: Scroll            |     5 |     4 |       ||     9
         Potion            |       |     1 |     6 ||     7
 Armour: Plate armour      |    52 |   106 |    87 ||   245
         Leather armour    |     2 |       |       ||     2
  Dodge: Dodged            |    17 |    41 |    35 ||    93

Table legend: (Time is in decaauts)
 A = Elapsed time spent in this place.
 B = Non-inter-level travel time spent in this place.
 C = Inter-level travel time spent in this place.
 D = Time resting spent in this place.
 E = Time spent auto-exploring this place.
 F = Levels seen in this place.
 G = Mean time per level.
                   A        B        C        D        E       F      G
               +--------+--------+--------+--------+--------+-----+--------+
         Total |   3474 |   3381 |     93 |    336 |   2329 |   5 |  694.8 |
       Dungeon |   3474 |   3381 |     93 |    336 |   2329 |   5 |  694.8 |
               +--------+--------+--------+--------+--------+-----+--------+

Top non-repeatable levels by time:
     D:1: 896 daAuts
     D:4: 894 daAuts
     D:3: 669 daAuts
     D:2: 647 daAuts
     D:5: 366 daAuts
